 Dungeon Crawl Stone Soup version 0.29.1-15-g9cfb28693d (webtiles) character file.

Game seed: 1486379839695057238

261 protoss039 the Digger (level 5, -10/41 HPs)
             Began as a Demonspawn Earth Elementalist on Mar 13, 2023.
             Blown up by Ijyb (17 damage)
             ... with a mindburst bolt
             ... on level 3 of the Dungeon.
             The game lasted 00:02:40 (2375 turns).

protoss039 the Digger (DsEE)                        Turns: 2375, Time: 00:02:41

Health: -10/41     AC:  8    Str:  8    XL:     5   Next: 96%
Magic:  8/10       EV: 11    Int: 19    God:
Gold:   228        SH:  0    Dex: 13    Spells: 5/11 levels left

rFire   . . .      SeeInvis .   l - +1 dagger (venom)
rCold   . . .      Faith    .   (no shield)
rNeg    . . .      Spirit   .   o - +0 leather armour
rPois   .          Reflect  .   (no helmet)
rElec   .          Harm     .   m - +0 cloak
rCorr   .          Rampage  .   (no gloves)
Will    .....                   (no boots)
Stlth   ++........              (no amulet)
HPRegen 0.13/turn               c - +4 ring of protection
MPRegen 0.12/turn               e - ring of wizardry

@: no status effects
A: powered by pain 1, weakness stinger 2
a: no special abilities


You were on level 3 of the Dungeon.
You visited 1 branch of the dungeon, and saw 3 of its levels.

You collected 228 gold pieces.

Inventory:

Hand Weapons
 l - a +1 dagger of venom (weapon)
Armour
 m - a +0 cloak (worn)
 o - a +0 leather armour (worn)
Jewellery
 c - a +4 ring of protection (left hand)
 e - a ring of wizardry (right hand)
 p - a +6 ring of intelligence
 x - a ring of ice
Scrolls
 a - 2 scrolls of vulnerability {unknown}
 f - a scroll of summoning {unknown}
 g - a scroll of enchant armour {unknown}
 k - a scroll of fog {unknown}
 q - a scroll of poison {unknown}
 r - 2 scrolls of identify {unknown}
 t - a scroll of teleportation {unknown}
 u - a scroll of amnesia {unknown}
 v - 2 scrolls of noise {unknown}
 y - a scroll of blinking {unknown}
Potions
 b - a potion of magic
 d - a potion of attraction {unknown}
 h - a potion of curing {unknown}
 i - a potion of berserk rage {unknown}
 j - a potion of ambrosia {unknown}
 n - 2 potions of heal wounds
 s - a potion of brilliance {unknown}
 w - a potion of mutation {unknown}
 z - a potion of cancellation {unknown}


   Skills:
 + Level 3.2 Fighting
 - Level 1.7 Dodging
 - Level 1.7 Stealth
 + Level 3.6 Spellcasting
 - Level 0.8 Transmutations
 + Level 4.1 Earth Magic


You had 5 spell levels left.
You knew the following spells:

 Your Spells              Type           Power      Damage    Failure   Level
a - Sandblast             Erth           38%        2d10      1%          1
b - Passwall              Tmut/Erth      10%        N/A       4%          2
c - Stone Arrow           Conj/Erth      22%        3d8       11%         3

Your spell library contained the following spells:

 Spells                   Type           Power      Damage    Failure   Level
 Slow                     Hex            12%        N/A       9%          1
 Confusing Touch          Hex            3%         N/A       26%         3
 Vampiric Draining        Necr           3%         2d6       26%         3
 Petrify                  Tmut/Erth      12%        N/A       28%         4


Dungeon Overview and Level Annotations

Branches:
Dungeon (3/15) Zot: 15610

Altars:
Cheibriados
Fedhas
Kikubaaqudgha
Ru
Wu Jian

Shops:
D:1 [   D:2 (   D:3 :

Annotations:
D:3 Ijyb


Innate Abilities, Weirdness & Mutations

You sometimes gain a little power by taking damage.
You have a tail ending in a sharp stinger.


Message History

You hit the orc but do no damage.
The orc is poisoned.
You tail-slap the orc.
You kill the orc!
A kobold is nearby!
Ijyb the Twisted Goblin comes into view.
She is wielding a +0 dagger and carrying a wand of mindburst (19).
The kobold shouts!
Ijyb shouts!
There are monsters nearby!
There is a stone staircase leading down here.
There are monsters nearby!
You closely miss Ijyb.
Your tail-slap misses Ijyb.
Ijyb zaps a wand.
Your mind is blasted!
There are monsters nearby!
You hit Ijyb but do no damage.
Your tail-slap misses Ijyb.
Ijyb completely misses you.
There are monsters nearby!
Casting: Sandblast (safe; 1% risk of failure)
Confirm with . or Enter, or press ? or * to list all spells.
Aiming: Sandblast (safe; 1% risk of failure)
Press: ? - help, Shift-Dir - straight line, f - kobold
Aim: a kobold, wielding a +0 dagger (77% to hit)
The blast of sand hits the kobold!
You kill the kobold!
Ijyb closely misses you.
Ijyb zaps a wand.
Your mind is blasted!
* * * LOW HITPOINT WARNING * * *
You focus on the pain.
You feel your power returning.
Casting: Sandblast (safe; 1% risk of failure)
Confirm with . or Enter, or press ? or * to list all spells.
Aiming: Sandblast (safe; 1% risk of failure)
Press: ? - help, Shift-Dir - straight line, f - Ijyb
Aim: Ijyb, wielding a +0 dagger, wearing a +3 leather armour and carrying a wand of mindburst (17) (77% to hit)
The blast of sand misses Ijyb.
Ijyb barely misses you.
Unknown command.
Casting: Sandblast (safe; 1% risk of failure)
Confirm with . or Enter, or press ? or * to list all spells.
Aiming: Sandblast (safe; 1% risk of failure)
Press: ? - help, Shift-Dir - straight line, f/p - Ijyb
Aim: Ijyb, wielding a +0 dagger, wearing a +3 leather armour and carrying a wand of mindburst (17) (77% to hit)
The blast of sand hits Ijyb.
Ijyb is lightly wounded.
Ijyb zaps a wand.
You barely resist.
Ijyb zaps a wand.
Your mind is blasted!
You die...

#.#.# ...## # #.#.#
##..... # ##.#.###...... #
#..#.....# # #$...#.#.# #
##..###.#.# #
###########.>## #...#
##♣###_#_#8##...).#####..#
#8.#.#.#.#.####.@........#
..........._# #g#)######.#
..........._#...#.# #.#
[8.#.#.#.#._#.###.#
##.######## .#.###.#.#_##.
#.# ##..........
.############ .(.
#..##..#.#.. .## #..# ....
#.####.#.## ..###.## ...
#.# #>#..# #.#...# .. #.#
#.##.#


You could see Ijyb.

Vanquished Creatures
  Sigmund (D:3)
  Jessica (D:2)
  An adder (D:3)
  An ufetubus (D:3)
  A worm (D:2)
  A dart slug (D:1)
  2 orcs (D:3)
  3 endoplasms
  A giant cockroach (D:1)
  2 goblins
  6 hobgoblins
  A jackal (D:1)
  A quokka (D:3)
  4 ball pythons
  6 bats
  2 frilled lizards (D:2)
  7 kobolds
  6 rats
47 creatures vanquished.

Notes
Turn   | Place    | Note
-------+----------+-------------------------------------------
     0 | D:1      | protoss039 the Demonspawn Earth Elementalist began the
                  | quest for the Orb.
     0 | D:1      | Reached XP level 1. HP: 13/13 MP: 3/3
   203 | D:1      | Found Neuff's Armour Shoppe.
   220 | D:1      | Gained mutation: You sometimes gain a little power by
                  | taking damage. [demonic ancestry]
   220 | D:1      | Reached XP level 2. HP: 17/20 MP: 3/5
   697 | D:1      | Reached skill level 1 in Fighting
   848 | D:1      | Reached skill level 3 in Earth Magic
  1009 | D:1      | Learned a level 2 spell: Passwall
  1040 | D:2      | Noticed Jessica
  1054 | D:2      | Killed Jessica
  1055 | D:2      | Reached XP level 3. HP: 10/26 MP: 5/7
  1384 | D:2      | Found a blossoming altar of Fedhas.
  1541 | D:2      | Found Uziaf's Antique Weapon Boutique.
  1768 | D:2      | Learned a level 3 spell: Stone Arrow
  1831 | D:3      | Found a sacrificial altar of Ru.
  1831 | D:3      | Found an ornate altar of the Wu Jian Council.
  1832 | D:3      | Found an ancient bone altar of Kikubaaqudgha.
  1834 | D:3      | Found a snail-covered altar of Cheibriados.
  1835 | D:3      | Found a blossoming altar of Fedhas.
  1868 | D:3      | Found Zaus's Book Emporium.
  1878 | D:3      | Discovered your monstrous ancestry.
  1878 | D:3      | Gained mutation: You have a small tail. [demonic ancestry]
  1878 | D:3      | Reached XP level 4. HP: 32/33 MP: 4/8
  2279 | D:3      | Noticed Sigmund
  2294 | D:3      | Killed Sigmund
  2295 | D:3      | Reached skill level 4 in Earth Magic
  2295 | D:3      | Gained mutation: You have a tail ending in a sharp stinger.
                  | [demonic ancestry]
  2295 | D:3      | Reached XP level 5. HP: 37/41 MP: 5/10
  2369 | D:3      | Noticed Ijyb
  2375 | D:3      | Blown up by Ijyb

Illustrated notes

Levels and vault maps discovered:
D:1:      psy_arrival_basics, layout_loops_ring, serial_shops,
          nicolae_shop_trees, minmay_split_cup_large
D:2:      layout_basic, serial_shops, shop, basic_altar, uniq_jessica
D:3:      layout_rooms, minitemple, serial_shops,
          nicolae_shop_competitors_out_of_business, minivault_27, uniq_ijyb,
          uniq_sigmund

Skill      XL: |  1  2  3  4 |
---------------+-------------+-----
Fighting       | 1 2 3 |  3.2
Earth Magic    | 3 4 |  4.1
Spellcasting   | 3 |  3.6
Dodging        | |  1.7
Stealth        | |  1.7
Transmutations | |  0.8

Action                   |  1- 3 |  4- 6 || total
-------------------------+-------+-------++-------
Melee: Dagger            |    79 |    19 ||    98
       Punch             |     2 |       ||     2
       Tailslap          |       |     6 ||     6
 Cast: Sandblast         |    22 |    15 ||    37
  Use: Potion            |       |     1 ||     1
 Stab: Sleeping          |     3 |       ||     3
Armor: Robe              |    29 |       ||    29
       Leather armour    |    26 |    16 ||    42
Dodge: Dodged            |    54 |    25 ||    79
